[Event "Thursday Night Engine Tour 9 Rd Swiss 5m+1s Starts at 2200hrs ST"]
[Site "Infinity Chess"]
[Date "2018.4.12"]
[Round "7"]
[White "Vimtiroba"]
[Black "MCDermont"]
[Result "1/2-1/2"]
[ECO "C55"]
[WhiteElo "2531"]
[BlackElo "2591"]
[WhiteEngine "SF9 ''A5''_CTG"]
[BlackEngine "BrainFish 090218"]
[EventType "Swiss"]
[WhiteTeam ""]
[BlackTeam ""]
[PlyCount "119"]
[TimeControl "300+1"]

1. e4 e5 2. Nf3 Nc6 3. Bc4 Nf6 4. d3 Bc5 5. c3 d6 6. O-O O-O 7. Bb3 h6 
8. Re1 Ng4 9. Re2 Nf6 10. h3 Bb6 11. Nbd2 a5 12. Re1 Be6 13. Bxe6 fxe6 
14. Nc4 Ba7 15. Be3 Bxe3 16. Rxe3 b5 17. Ncd2 a4 18. Rc1 Qb8 19. d4 Nd7 
20. Nb1 Rf7 21. Na3 Qb6 22. Nc2 Na5 23. Re2 Raf8 24. Nce1 c5 25. b3 axb3 
26. axb3 exd4 27. cxd4 c4 28. bxc4 bxc4 29. Rb1 Qc7 30. Rb4 Rc8 31. Ra2 d5 
32. exd5 exd5 33. Rb5 Nc6 34. Nc2 Nf6 35. Ne3 Qf4 36. Rab2 Rd7 37. Rc5 Rdd8 
38. Qb1 Nxd4 39. Nxd4 Qxd4 40. Rxc8 Rxc8 41. Nf5 Qe5 42. Rb7 Rc7 43. Nxh6+ gxh6 
44. Qg6+ Kf8 45. Rxc7 Qxc7 46. Qxf6+ Kg8 47. Qe6+ Kg7 48. Qxd5 c3 49. Qd3 c2 
50. Qd4+ Kg6 51. Qd3+ Kg5 52. Qe3+ Kh5 53. Qe8+ Kh4 54. Qa4+ Kg5 55. Qg4+ Kf6 
56. Qd4+ Kf5 57. Qg4+ Kf6 58. Qd4+ Kf5 59. Qd5+ Kf6 60. Qd4+ 1/2-1/2

[Event "Thursday Night Engine Tour 9 Rd Swiss 5m+1s Starts at 2200hrs ST"]
[Site "Infinity Chess"]
[Date "2018.4.12"]
[Round "7"]
[White "xeonrocks"]
[Black "BlitzMaster"]
[Result "1/2-1/2"]
[ECO "C55"]
[WhiteElo "2601"]
[BlackElo "2554"]
[WhiteEngine "Stockfish_20180407_x64_bmi2_CTG"]
[BlackEngine "asmFishW_2018-04-11_popcnt"]
[EventType "Swiss"]
[WhiteTeam ""]
[BlackTeam ""]
[PlyCount "150"]
[TimeControl "300+1"]

1. e4 e5 2. Nf3 Nc6 3. Bc4 Nf6 4. d3 Bc5 5. O-O O-O 6. c3 d6 7. Re1 a5 
8. Nbd2 Ba7 9. Nf1 Be6 10. Bb5 Ne7 11. d4 exd4 12. Nxd4 Ng6 13. Ba4 h6 
14. Be3 Bc8 15. Bc2 Re8 16. Ng3 Ng4 17. Bc1 Bd7 18. h3 Nf6 19. Be3 a4 20. f4 b5 
21. Kh1 Bb6 22. Qf3 Nh4 23. Qf1 Qb8 24. Rad1 c6 25. Qf2 c5 26. Nf3 Nxf3 
27. gxf3 Kh8 28. Rg1 Rg8 29. f5 Bc6 30. Nf1 Bd8 31. Bf4 Be7 32. Ne3 Nh5 
33. Bh2 Qf8 34. Rd2 Rd8 35. Rgd1 g6 36. c4 bxc4 37. Nxc4 gxf5 38. Nxd6 fxe4 
39. fxe4 f6 40. Qf3 Ng7 41. Bf4 Bxd6 42. Bxd6 Qf7 43. Be5 Rxd2 44. Rxd2 Ne8 
45. Kh2 Qg7 46. Bg3 f5 47. Rg2 Qf6 48. Qf4 fxe4 49. Re2 Qg7 50. Rf2 Qg6 
51. b3 a3 52. Qe5+ Kh7 53. Rf5 Rg7 54. Rf8 Qg5 55. Bxe4+ Bxe4 56. Qxe4+ Rg6 
57. Rf7+ Ng7 58. Qd3 Kg8 59. Rf4 Re6 60. Rf3 Rg6 61. Rf4 Re6 62. Kg2 Re5 
63. Rg4 Rd5 64. Qe4 Qd2+ 65. Kf1 Qd1+ 66. Be1 Rg5 67. Kg2 Qa1 68. Rxg5 Qxa2+ 
69. Kf1 hxg5 70. Qd5+ Kh7 71. Qe4+ Kh6 72. Qc6+ Kh7 73. Qe4+ Kh6 74. Qc6+ Kh5 
75. Qe4 Kh6 1/2-1/2

[Event "Thursday Night Engine Tour 9 Rd Swiss 5m+1s Starts at 2200hrs ST"]
[Site "Infinity Chess"]
[Date "2018.4.12"]
[Round "6"]
[White "OlivierEvan"]
[Black "Arch Stanton"]
[Result "1/2-1/2"]
[ECO "A00"]
[WhiteElo "2453"]
[BlackElo "2552"]
[WhiteEngine "Houdini 6"]
[BlackEngine "stockfish_18041209_x64_bmi2_CTG"]
[EventType "Swiss"]
[WhiteTeam ""]
[BlackTeam ""]
[PlyCount "164"]
[TimeControl "300+1"]

1. g3 d5 2. Nf3 Nf6 3. Bg2 c5 4. O-O e6 5. c4 d4 6. e3 Nc6 7. d3 Bd6 
8. exd4 cxd4 9. Bg5 h6 10. Bxf6 Qxf6 11. Nbd2 Qe7 12. Ne4 Bc7 13. a3 a5 
14. c5 O-O 15. Re1 Bd7 16. Rc1 Rfd8 17. Rc4 Rab8 18. Ned2 Na7 19. Nxd4 b5 
20. Rc1 Be8 21. Qg4 Qf6 22. N2f3 b4 23. Qe4 Rd5 24. Red1 bxa3 25. bxa3 Qe7 
26. Nc2 Nb5 27. Qe1 Rxc5 28. d4 Rc6 29. Ne5 Rd6 30. Nc4 Rd7 31. a4 Nd6 
32. Nxa5 Bxa5 33. Qxa5 Ra7 34. Qe5 Rc8 35. Nb4 Nc4 36. Qe1 Bxa4 37. Rd3 Qf8 
38. h4 Nb6 39. Rxc8 Qxc8 40. Ra3 Rc7 41. Ra1 Qd7 42. Qe5 Rc8 43. d5 Nxd5 
44. Nxd5 exd5 45. Qxd5 Qe8 46. Qe4 Qxe4 47. Bxe4 Rc4 48. f3 g6 49. Kf2 Bd7 
50. Ra5 Be6 51. h5 g5 52. Bd5 Bxd5 53. Rxd5 Kg7 54. Ke3 Rc3+ 55. Ke4 Rb3 
56. g4 Rb4+ 57. Ke5 Rb3 58. Ke4 Rb4+ 59. Kd3 Kf6 60. Ra5 Kg7 61. Rd5 Rb6 
62. Rd7 Kf6 63. Rd4 Rb3+ 64. Ke4 Rb1 65. Ke3 Kg7 66. Rd6 Rb3+ 67. Ke4 Rb4+ 
68. Kd3 Rb5 69. Kc4 Rb8 70. Rc6 Rb2 71. Kd4 Rb4+ 72. Ke3 Rb2 73. Ke4 Rb3 
74. Rc4 Kf6 75. Ra4 Rb1 76. f4 Re1+ 77. Kd5 gxf4 78. Rxf4+ Kg5 79. Rxf7 Kxg4 
80. Rg7+ Kxh5 81. Rg2 Kh4 82. Rh2+ Kg5 1/2-1/2

[Event "Thursday Night Engine Tour 9 Rd Swiss 5m+1s Starts at 2200hrs ST"]
[Site "Infinity Chess"]
[Date "2018.4.12"]
[Round "6"]
[White "klasman"]
[Black "localhero"]
[Result "1/2-1/2"]
[ECO "D21"]
[WhiteElo "2419"]
[BlackElo "2494"]
[WhiteEngine "Raubfisch ME262_GTZ16f_CTG"]
[BlackEngine "asmFishW_2017-10-04_popcnt"]
[EventType "Swiss"]
[WhiteTeam ""]
[BlackTeam ""]
[PlyCount "113"]
[TimeControl "300+1"]

1. d4 d5 2. c4 dxc4 3. Nf3 e6 4. e3 Nf6 5. Bxc4 a6 6. O-O c5 7. b3 b5 
8. Be2 Nbd7 9. Bb2 Bb7 10. a4 b4 11. Nbd2 Be7 12. Nc4 O-O 13. Rc1 Rc8 
14. Qc2 Qc7 15. Nfe5 Rfd8 16. Bd3 cxd4 17. exd4 g6 18. f4 Nd5 19. Qf2 f5 
20. Kh1 N7f6 21. Qd2 Bf8 22. h3 a5 23. Kh2 Re8 24. Qe1 Ba8 25. g3 Qd8 
26. Rc2 Nb6 27. Qe2 Nbd5 28. Qe1 Nb6 29. Qe2 Nxc4 30. Bxc4 Be4 31. Rcc1 Bd6 
32. Bb5 Rxc1 33. Rxc1 Rf8 34. d5 Nxd5 35. Bc4 Bc7 36. Bxd5 Bxd5 37. Nc6 Qd7 
38. Ne5 Qd6 39. Nxg6 Rc8 40. Qe5 Qxe5 41. Bxe5 hxg6 42. Rxc7 Rd8 43. g4 fxg4 
44. hxg4 Bxb3 45. Rg7+ Kf8 46. Rxg6 Bxa4 47. Rxe6 Rd2+ 48. Kg3 Bc2 49. f5 a4 
50. Rb6 b3 51. Rb8+ Kf7 52. Rb7+ Ke8 53. Rb8+ Kd7 54. Ra8 b2 55. Bxb2 Bxf5 
56. gxf5 Rxb2 57. f6 1/2-1/2

[Event "Thursday Night Engine Tour 9 Rd Swiss 5m+1s Starts at 2200hrs ST"]
[Site "Infinity Chess"]
[Date "2018.4.12"]
[Round "6"]
[White "MGR"]
[Black "RonWeasley"]
[Result "1/2-1/2"]
[ECO "C11"]
[WhiteElo "2500"]
[BlackElo "2501"]
[WhiteEngine "asmFishW_2018-04-08_bmi2"]
[BlackEngine "BrainFish 090218_CTG"]
[EventType "Swiss"]
[WhiteTeam ""]
[BlackTeam ""]
[PlyCount "130"]
[TimeControl "300+1"]

1. e4 e6 2. d4 d5 3. Nc3 Nf6 4. e5 Nfd7 5. f4 c5 6. Nf3 Nc6 7. Be3 cxd4 
8. Nxd4 Qb6 9. Qd2 Qxb2 10. Rb1 Qa3 11. Bb5 Nxd4 12. Bxd4 a6 13. Rb3 Qe7 
14. Ba4 g6 15. O-O Bg7 16. Bxd7+ Qxd7 17. Bc5 b5 18. Qd4 Qc7 19. a4 Bd7 
20. axb5 Rc8 21. Bb4 axb5 22. Ra1 Qc4 23. Qxc4 bxc4 24. Rb2 Rb8 25. Bd6 Rxb2 
26. Ra8+ Bc8 27. Rxc8+ Kd7 28. Rc7+ Kd8 29. Rxf7 Bf8 30. Bxf8 Ke8 31. Ba3 Kxf7 
32. Bxb2 Rb8 33. Ba3 Ra8 34. Bc5 Ra1+ 35. Kf2 Rc1 36. g4 Rxc2+ 37. Ne2 h5 
38. gxh5 gxh5 39. h4 Ra2 40. Bd4 Ra8 41. f5 exf5 42. Nf4 Rc8 43. Nxd5 Rd8 
44. e6+ Kxe6 45. Nf4+ Kf7 46. Bc3 Rd1 47. Nxh5 Rd3 48. Be5 Rh3 49. Ng3 Ke6 
50. Bc3 Rxh4 51. Kf3 f4 52. Ne2 Kd5 53. Nxf4+ Kc5 54. Ne2 Rh3+ 55. Kf2 Rd3 
56. Bf6 Rd2 57. Ke3 Rd3+ 58. Ke4 Rd7 59. Nc1 Rf7 60. Bd4+ Kb4 61. Na2+ Kb3 
62. Nc1+ Kc2 63. Na2 Kb3 64. Nc1+ Kb4 65. Na2+ Kb3 1/2-1/2

[Event "Thursday Night Engine Tour 9 Rd Swiss 5m+1s Starts at 2200hrs ST"]
[Site "Infinity Chess"]
[Date "2018.4.12"]
[Round "6"]
[White "TasicV"]
[Black "ocirema"]
[Result "0-1"]
[ECO "B90"]
[WhiteElo "2440"]
[BlackElo "2503"]
[WhiteEngine "stockfish_9_x64_popcnt_CTG"]
[BlackEngine "asmFishW_2018-04-11_popcnt"]
[EventType "Swiss"]
[WhiteTeam ""]
[BlackTeam ""]
[PlyCount "80"]
[TimeControl "300+1"]

1. e4 c5 2. Nf3 d6 3. d4 cxd4 4. Nxd4 Nf6 5. Nc3 a6 6. Be3 e5 7. Nb3 Be6 
8. f3 h5 9. Qd2 Nbd7 10. Nd5 Bxd5 11. exd5 g6 12. Be2 Bg7 13. Na5 Rb8 14. O-O e4 
15. f4 Ng4 16. Bxg4 hxg4 17. Rab1 f5 18. b4 Kf7 19. g3 g5 20. Rbd1 Kg6 
21. Nc6 bxc6 22. dxc6 Nf8 23. Qxd6+ Qxd6 24. Rxd6+ Kh5 25. fxg5 Be5 26. Rd5 Bg7 
27. Rfxf5 Ne6 28. Rf7 Rhe8 29. c7 Rbc8 30. Rdd7 Kg6 31. c4 Be5 32. Bf4 Nxg5 
33. Bxg5 Kxg5 34. Kf2 Bc3 35. a3 Kg6 36. Ke3 Bb2 37. a4 Ba3 38. Rg7+ Kf6 
39. Rdf7+ Ke5 40. Rxg4 Bxb4 0-1

[Event "Thursday Night Engine Tour 9 Rd Swiss 5m+1s Starts at 2200hrs ST"]
[Site "Infinity Chess"]
[Date "2018.4.12"]
[Round "6"]
[White "BlitzMaster"]
[Black "Deep_Impact"]
[Result "1-0"]
[ECO "B12"]
[WhiteElo "2539"]
[BlackElo "2510"]
[WhiteEngine "asmFishW_2018-04-11_popcnt"]
[BlackEngine "asmFishW_2018-04-07_bmi2"]
[EventType "Swiss"]
[WhiteTeam ""]
[BlackTeam ""]
[PlyCount "165"]
[TimeControl "300+1"]

1. e4 c6 2. d4 d5 3. e5 Bf5 4. Be2 e6 5. Nf3 c5 6. Be3 cxd4 7. Nxd4 Ne7 
8. O-O Nbc6 9. Bb5 a6 10. Bxc6+ bxc6 11. c4 Rc8 12. cxd5 Nxd5 13. Nxf5 exf5 
14. Qd3 Be7 15. Nc3 Nxe3 16. Qxe3 O-O 17. Rad1 Qc7 18. Qe2 a5 19. e6 Bd6 
20. exf7+ Rxf7 21. g3 Rf6 22. Rd3 Rcf8 23. Rfd1 Qb8 24. Kg2 Bb4 25. a3 Re8 
26. Qf3 Be7 27. R1d2 Kh8 28. Rd7 f4 29. g4 h6 30. Re2 Bc5 31. Re4 Ree6 
32. h4 Qc8 33. Rd2 Rf8 34. h5 Rxe4 35. Nxe4 Be7 36. Rc2 Qa6 37. a4 c5 38. b3 Qe6 
39. Nd2 Bd6 40. Rc4 Qc8 41. Ne4 Be7 42. Rc3 Kg8 43. Rd3 Kh8 44. Nd2 Rd8 
45. Rxd8+ Bxd8 46. Kf1 Bc7 47. Ke2 Qe6+ 48. Kd3 g6 49. Qe4 Qd7+ 50. Kc2 gxh5 
51. gxh5 Qf7 52. Qc6 Bd8 53. Qxc5 Qh7+ 54. Kd1 Qf7 55. f3 Kg8 56. Kc2 Qe6 
57. Qc4 Kf7 58. Qxf4+ Qf6 59. Qc4+ Ke7 60. Qe4+ Kf8 61. Qd5 Bc7 62. Nc4 Qe7 
63. Kd3 Kg7 64. Nxa5 Kf6 65. Nc6 Qh7+ 66. Kc4 Qc2+ 67. Kb4 Qh2 68. a5 Bb8 
69. a6 Bd6+ 70. Kb5 Qe2+ 71. Kb6 Qe3+ 72. Qd4+ Qxd4+ 73. Nxd4 Ke5 74. Ne2 Kd5 
75. Nc3+ Kd4 76. Nb5+ Ke3 77. Nxd6 Kxf3 78. a7 Kg4 79. a8=Q Kxh5 80. Qg8 Kh4 
81. Ne4 Kh5 82. Nf6+ Kh4 83. Qg4# 1-0

[Event "Thursday Night Engine Tour 9 Rd Swiss 5m+1s Starts at 2200hrs ST"]
[Site "Infinity Chess"]
[Date "2018.4.12"]
[Round "6"]
[White "Victorious"]
[Black "Vimtiroba"]
[Result "1/2-1/2"]
[ECO "C50"]
[WhiteElo "2591"]
[BlackElo "2528"]
[WhiteEngine "Cfish_x64_060418_LTO_popcnt"]
[BlackEngine "SF9 ''A5''_CTG"]
[EventType "Swiss"]
[WhiteTeam ""]
[BlackTeam ""]
[PlyCount "74"]
[TimeControl "300+1"]

1. e4 e5 2. Nf3 Nc6 3. Bc4 Bc5 4. O-O Nf6 5. d3 O-O 6. c3 a5 7. a4 d6 8. Bg5 h6 
9. Bh4 g5 10. Bg3 Ba7 11. Nbd2 Rb8 12. Ba2 Be6 13. Nc4 Qd7 14. Re1 Rbe8 
15. h3 Kg7 16. Bb3 g4 17. hxg4 Bxg4 18. Ne3 Kh7 19. Bh4 Bxe3 20. Rxe3 Nh5 
21. Qd2 Rg8 22. Nh2 Rg7 23. Kh1 Be6 24. Bc2 Ne7 25. Bd1 Nf4 26. Bf3 Reg8 
27. g3 Nh3 28. d4 f5 29. exf5 Nxf5 30. Be4 Qf7 31. dxe5 Bd5 32. Bxd5 Qxd5+ 
33. Qxd5 Nxf2+ 34. Kg1 Nh3+ 35. Kh1 Nf2+ 36. Kg1 Nh3+ 37. Kh1 Nf2+ 1/2-1/2

[Event "Thursday Night Engine Tour 9 Rd Swiss 5m+1s Starts at 2200hrs ST"]
[Site "Infinity Chess"]
[Date "2018.4.12"]
[Round "6"]
[White "MCDermont"]
[Black "Time_bandit"]
[Result "1/2-1/2"]
[ECO "C55"]
[WhiteElo "2592"]
[BlackElo "2567"]
[WhiteEngine "BrainFish 090218"]
[BlackEngine "asmFishW_2018-02-02_popcnt"]
[EventType "Swiss"]
[WhiteTeam ""]
[BlackTeam ""]
[PlyCount "131"]
[TimeControl "300+1"]

1. e4 e5 2. Nf3 Nc6 3. Bc4 Nf6 4. d3 Bc5 5. c3 d6 6. O-O a5 7. Nbd2 O-O 
8. Re1 h6 9. Nf1 a4 10. h3 Ra5 11. Ng3 Bb6 12. Rb1 Be6 13. Bxe6 fxe6 
14. Be3 Bxe3 15. Rxe3 Nh7 16. Qe2 Rf7 17. Rd1 Nf8 18. d4 Ng6 19. Qd2 Ra8 
20. Ne2 Nh4 21. Qd3 Nxf3+ 22. Rxf3 Rxf3 23. Qxf3 Qf6 24. Qg4 Rf8 25. Qg3 Qf7 
26. Qe3 Na5 27. Nc1 Qf4 28. Qxf4 exf4 29. Nd3 g5 30. Kh2 Nc4 31. g3 fxg3+ 
32. Kxg3 Ra8 33. h4 a3 34. b3 Nb2 35. Rd2 Nxd3 36. Rxd3 gxh4+ 37. Kxh4 Rf8 
38. Kg3 Kf7 39. c4 Rg8+ 40. Kh2 Ke7 41. b4 Ra8 42. Kg3 Ra4 43. Rb3 Kf6 
44. Kg4 c5 45. bxc5 dxc5 46. Rf3+ Ke7 47. dxc5 Rxc4 48. Kf4 Rc2 49. Rxa3 Rxf2+ 
50. Ke3 Rb2 51. Kd4 Rc2 52. Rb3 Kf6 53. Rxb7 Rd2+ 54. Kc3 Rxa2 55. Kc4 Rd2 
56. Kb5 Ke5 57. c6 Rc2 58. Rg7 Kxe4 59. c7 h5 60. Rd7 h4 61. Kb6 h3 62. Rh7 Kd4 
63. Rxh3 Rb2+ 64. Ka5 Ra2+ 65. Kb4 Rb2+ 66. Ka3 1/2-1/2

[Event "Thursday Night Engine Tour 9 Rd Swiss 5m+1s Starts at 2200hrs ST"]
[Site "Infinity Chess"]
[Date "2018.4.12"]
[Round "6"]
[White "star99"]
[Black "xeonrocks"]
[Result "1/2-1/2 "]
[ECO "C24"]
[WhiteElo "2507"]
[BlackElo "2605"]
[WhiteEngine "Cryptic Heroes 9.4B"]
[BlackEngine "Stockfish_20180407_x64_bmi2_CTG"]
[EventType "Swiss"]
[WhiteTeam ""]
[BlackTeam ""]
[PlyCount "223"]
[TimeControl "300+1"]

1. e4 e5 2. Bc4 Nf6 3. d3 c6 4. Bb3 d5 5. Nf3 a5 6. a4 Bb4+ 7. c3 Bd6 
8. exd5 cxd5 9. Bg5 Be6 10. Na3 Nbd7 11. O-O O-O 12. Bh4 Ra6 13. Nb5 Bb8 
14. Nd2 Qc8 15. d4 Bg4 16. Qb1 e4 17. Re1 Rc6 18. c4 dxc4 19. Bc2 Nb6 20. Bg3 e3 
21. Rxe3 Nbd5 22. Re1 Nf4 23. Bxf4 Bxf4 24. Nf1 Rb6 25. g3 Bh6 26. Ne3 Bxe3 
27. Rxe3 Bd7 28. b3 cxb3 29. Bxb3 Ng4 30. Rf3 Qd8 31. Qe4 Nf6 32. Qd3 Bxb5 
33. axb5 Rd6 34. Rf4 Nd5 35. Re4 Nf6 36. Rf4 Nd5 37. Rh4 h6 38. Re4 Nf6 
39. Rf4 Re8 40. Rc1 Qd7 41. d5 Qd8 42. Rd4 Qb6 43. Kg2 Red8 44. Qc4 Ne8 
45. Rf4 R6d7 46. Qd3 Nd6 47. h4 Qxb5 48. Qxb5 Nxb5 49. Rc5 Nd6 50. Rxa5 Kf8 
51. Rc5 Rc8 52. Rxc8+ Nxc8 53. Kf3 Nd6 54. Ke3 Rc7 55. Kd3 Rc1 56. Ra4 Ke7 
57. Ra2 Re1 58. Bc2 Re5 59. Bb3 Re1 60. Rb2 Kd8 61. Kd2 Re5 62. Rb1 Ne4+ 
63. Ke3 Nd6+ 64. Kd3 Kc7 65. Rc1+ Kb6 66. Rb1 Re4 67. Ba2+ Kc7 68. Rc1+ Kd7 
69. Rb1 Rg4 70. Rb2 Kc7 71. Bb1 Re4 72. Bc2 Re5 73. Bb3 Re1 74. Kd2 Re4 
75. Kd3 Rb4 76. Kc3 Rb6 77. Kd4 Nf5+ 78. Kc5 Nd6 79. Kd4 Nf5+ 80. Kc5 h5 
81. Rb1 g6 82. Bc2 Rxb1 83. Bxb1 b6+ 84. Kb5 Nd6+ 85. Kb4 Kd7 86. Bc2 Ke7 
87. Kc3 Nf5 88. Ba4 Nd6 89. Kd4 Nf5+ 90. Kd3 Nd6 91. Kd4 f5 92. Bc2 Nb5+ 
93. Ke5 Nd6 94. f3 Nf7+ 95. Kd4 Kd6 96. f4 Nh6 97. Ba4 Nf7 98. Be8 Nh8 
99. Kc4 Ke7 100. Bc6 Kd6 101. Kb5 Kc7 102. Be8 Kd6 103. Kc4 Kc7 104. Ba4 Nf7 
105. Bb3 Nd6+ 106. Kd4 b5 107. Ba2 Ne4 108. Ke5 b4 109. Ke6 Nxg3 110. Ke7 Ne4 
111. Bb3 Nd6 112. Kf6 1/2-1/2

[Event "Thursday Night Engine Tour 9 Rd Swiss 5m+1s Starts at 2200hrs ST"]
[Site "Infinity Chess"]
[Date "2018.4.12"]
[Round "5"]
[White "Arch Stanton"]
[Black "klasman"]
[Result "1-0"]
[ECO "B90"]
[WhiteElo "2459"]
[BlackElo "2434"]
[WhiteEngine "stockfish_18041209_x64_bmi2_CTG"]
[BlackEngine "Raubfisch ME262_GTZ16f_CTG"]
[EventType "Swiss"]
[WhiteTeam ""]
[BlackTeam ""]
[PlyCount "57"]
[TimeControl "300+1"]

1. e4 c5 2. Nf3 d6 3. d4 cxd4 4. Nxd4 Nf6 5. Nc3 a6 6. Be3 e5 7. Nb3 Be6 
8. f3 h5 9. Nd5 Bxd5 10. exd5 Nbd7 11. Qd2 g6 12. Be2 Bg7 13. O-O b6 14. c4 O-O 
15. Rae1 Re8 16. Bf2 Qc7 17. Bd3 a5 18. a4 Rab8 19. Qd1 e4 20. fxe4 Ng4 
21. Bd4 Nge5 22. h3 Nc5 23. Nxc5 Nf3+ 24. Kh1 bxc5 25. Bxg7 Nxe1 26. Bf6 Nxd3 
27. Qxd3 Rb6 28. Rf5 Re5 29. Rf2 1-0

[Event "Thursday Night Engine Tour 9 Rd Swiss 5m+1s Starts at 2200hrs ST"]
[Site "Infinity Chess"]
[Date "2018.4.12"]
[Round "5"]
[White "TasicV"]
[Black "RonWeasley"]
[Result "1/2-1/2 "]
[ECO "C11"]
[WhiteElo "2437"]
[BlackElo "2504"]
[WhiteEngine "stockfish_9_x64_popcnt_CTG"]
[BlackEngine "BrainFish 090218_CTG"]
[EventType "Swiss"]
[WhiteTeam ""]
[BlackTeam ""]
[PlyCount "52"]
[TimeControl "300+1"]

1. e4 e6 2. d4 d5 3. Nc3 Nf6 4. e5 Nfd7 5. f4 c5 6. Nf3 Nc6 7. Be3 cxd4 
8. Nxd4 Qb6 9. Qd2 Qxb2 10. Rb1 Qa3 11. Bb5 Nxd4 12. Bxd4 a6 13. Bxd7+ Bxd7 
14. Rb3 Qe7 15. Rxb7 Rc8 16. O-O Qd8 17. Qe3 Rc4 18. Rfb1 Be7 19. f5 Bg5 
20. Qd3 O-O 21. f6 Bc6 22. Bb6 Qe8 23. Re7 Qb8 24. Bd4 Rb4 25. Rb3 a5 26. h3 h6 
1/2-1/2

[Event "Thursday Night Engine Tour 9 Rd Swiss 5m+1s Starts at 2200hrs ST"]
[Site "Infinity Chess"]
[Date "2018.4.12"]
[Round "5"]
[White "star99"]
[Black "OlivierEvan"]
[Result "1-0"]
[ECO "B23"]
[WhiteElo "2492"]
[BlackElo "2468"]
[WhiteEngine "Cryptic Heroes 9.4B"]
[BlackEngine "Houdini 6"]
[EventType "Swiss"]
[WhiteTeam ""]
[BlackTeam ""]
[PlyCount "147"]
[TimeControl "300+1"]

1. e4 c5 2. Nc3 Nc6 3. Nf3 e6 4. d4 cxd4 5. Nxd4 Nf6 6. Nxc6 bxc6 7. e5 Nd5 
8. Ne4 Qc7 9. f4 Qa5+ 10. Bd2 Qb6 11. Bd3 Nb4 12. Bxb4 Bxb4+ 13. c3 Be7 
14. Qe2 f5 15. exf6 gxf6 16. O-O-O d5 17. Ng3 Rb8 18. Kb1 Rf8 19. Rd2 Kd8 
20. Nh5 Rf7 21. g4 Bd6 22. Rf1 a5 23. h4 f5 24. g5 Re7 25. Rc2 Qc7 26. Qf3 c5 
27. c4 d4 28. Nf6 Rb6 29. h5 Rg7 30. Re2 Qb7 31. Qg3 h6 32. Qf2 Rf7 33. Qh4 Be7 
34. Ng8 a4 35. Nxh6 Rh7 36. Ng8 a3 37. Rff2 Kc7 38. Nxe7 Rxe7 39. h6 Kb8 
40. Qh5 Qa7 41. b3 Reb7 42. Qh1 Qa4 43. Qd1 Rh7 44. Re5 Qa5 45. Rh2 Qc3 
46. Rxc5 Bd7 47. Rc2 Qb4 48. Re5 Ba4 49. Ka1 Bc6 50. c5 Rbb7 51. Rc4 Qa5 
52. Rxe6 Rbe7 53. b4 Qc7 54. Rd6 Re3 55. Rcxd4 Rhe7 56. Bb1 Re1 57. Qd3 Qb7 
58. Qxa3 Rc7 59. g6 Rc8 60. Rd1 Rxd1 61. Rxd1 Bd5 62. h7 Qc6 63. Qc3 Bf3 
64. g7 Bxd1 65. g8=Q Ba4 66. h8=Q Rxg8 67. Qxg8+ Qc8 68. Qe5+ Kb7 69. Qeg7+ Bd7 
70. Qe6 Kb8 71. Qexd7 Qxd7 72. Qxd7 Ka8 73. c6 Kb8 74. Qb7# 1-0

[Event "Thursday Night Engine Tour 9 Rd Swiss 5m+1s Starts at 2200hrs ST"]
[Site "Infinity Chess"]
[Date "2018.4.12"]
[Round "5"]
[White "localhero"]
[Black "MGR"]
[Result "1/2-1/2"]
[ECO "C77"]
[WhiteElo "2494"]
[BlackElo "2500"]
[WhiteEngine "asmFishW_2017-10-04_popcnt"]
[BlackEngine "asmFishW_2018-04-08_bmi2"]
[EventType "Swiss"]
[WhiteTeam ""]
[BlackTeam ""]
[PlyCount "185"]
[TimeControl "300+1"]

1. e4 e5 2. Nf3 Nc6 3. Bb5 a6 4. Ba4 Nf6 5. O-O Be7 6. Re1 b5 7. Bb3 O-O 
8. c3 d5 9. exd5 Nxd5 10. Nxe5 Nxe5 11. Rxe5 c6 12. d4 Bd6 13. Re1 Qh4 
14. g3 Qh3 15. Be3 Bg4 16. Qd3 Rae8 17. Nd2 Re6 18. a4 Qh5 19. axb5 axb5 
20. Nf1 Bf5 21. Qd2 Bh3 22. Bd1 Qg6 23. Bf3 Qf5 24. Qd1 h5 25. Ra6 Bb8 
26. Be2 Qe4 27. Bf3 Qf5 28. Bh1 h4 29. Bd2 Rf6 30. Qe2 Re6 31. Qf3 Rxe1 
32. Bxe1 Bf4 33. Bg2 Bg4 34. Qe4 Qc8 35. Ra1 Re8 36. Qc2 Bf5 37. Qd1 Bg4 
38. Qd3 Be2 39. Qc2 h3 40. Be4 Qg4 41. Bf5 Qh5 42. gxf4 Qf3 43. Qe4 Qxe4 
44. Bxe4 Rxe4 45. Bd2 Bf3 46. Ra8+ Kh7 47. Ng3 Re7 48. Ra1 Re8 49. f5 f6 
50. Kf1 Kg8 51. b3 b4 52. cxb4 Kh7 53. Kg1 Nc7 54. Kf1 Bg2+ 55. Kg1 Nb5 
56. Be3 Nc3 57. Ra7 Rd8 58. Ra1 Re8 59. Ra7 Rd8 60. Ra1 Kg8 61. Rc1 Nd5 
62. Ne2 Re8 63. Rc4 Kh7 64. Rc5 Nxe3 65. fxe3 Rxe3 66. Nf4 Be4 67. b5 cxb5 
68. d5 Rf3 69. Ne6 Bxf5 70. Nd4 Rf4 71. Nxf5 Rxf5 72. Rxb5 Rg5+ 73. Kh1 Kg6 
74. Rc5 Rf5 75. Kg1 Rg5+ 76. Kh1 Rg2 77. Rc3 f5 78. Rxh3 Rd2 79. b4 Kf7 
80. b5 Rb2 81. Rf3 Ke7 82. Rxf5 Kd6 83. b6 Rxb6 84. Kg2 Rb7 85. Kg3 Rb3+ 
86. Kg4 Rb2 87. h3 Rb4+ 88. Kg3 Rb3+ 89. Kg2 Rd3 90. Rg5 g6 91. h4 Rxd5 
92. Rxg6+ Ke5 93. h5 1/2-1/2

[Event "Thursday Night Engine Tour 9 Rd Swiss 5m+1s Starts at 2200hrs ST"]
[Site "Infinity Chess"]
[Date "2018.4.12"]
[Round "5"]
[White "Deep_Impact"]
[Black "ocirema"]
[Result "1/2-1/2"]
[ECO "D31"]
[WhiteElo "2510"]
[BlackElo "2503"]
[WhiteEngine "asmFishW_2018-04-07_bmi2"]
[BlackEngine "asmFishW_2018-04-11_popcnt"]
[EventType "Swiss"]
[WhiteTeam ""]
[BlackTeam ""]
[PlyCount "137"]
[TimeControl "300+1"]

1. d4 d5 2. c4 e6 3. Nc3 c6 4. e4 dxe4 5. Nxe4 Bb4+ 6. Bd2 Qxd4 7. Bxb4 Qxe4+ 
8. Be2 Na6 9. Ba5 b6 10. Qd6 Bd7 11. Bc3 f6 12. Nf3 Nh6 13. Rd1 Rd8 14. Qa3 Bc8 
15. Nd2 Qf4 16. Bh5+ Nf7 17. O-O c5 18. Qa4+ Ke7 19. Rfe1 Ng5 20. Re3 Rd6 
21. Rde1 Rhd8 22. Nf3 Kf8 23. a3 Nf7 24. h3 Rd3 25. Rxd3 Rxd3 26. Be5 fxe5 
27. Bxf7 Nc7 28. Bg6 Rxf3 29. Qxa7 Qd2 30. Rf1 Rb3 31. Qxc7 Qd7 32. Qxd7 Bxd7 
33. Bxh7 Rxb2 34. Re1 Ra2 35. Re3 Ra1+ 36. Kh2 Ra2 37. Kg3 Ke7 38. h4 Ba4 
39. f3 Kf6 40. Be4 Rd2 41. Rc3 Rd4 42. Kf2 Rd2+ 43. Kf1 Rb2 44. g3 Rb3 
45. Rxb3 Bxb3 46. Bd3 e4 47. Bxe4 Bxc4+ 48. Kf2 Bd5 49. Bd3 e5 50. Ke3 Ke7 
51. Be4 Kd6 52. h5 Bf7 53. g4 b5 54. Kd3 b4 55. axb4 cxb4 56. g5 Bxh5 57. Kc4 b3 
58. Kxb3 Bf7+ 59. Kb2 Bh5 60. Kc2 Be8 61. Kc3 Kc5 62. Bd3 Bc6 63. Be2 Kd5 
64. Kd3 Bb5+ 65. Kd2 Bxe2 66. Kxe2 Ke6 67. Ke3 Kf5 68. g6 Kxg6 69. Ke4 1/2-1/2

[Event "Thursday Night Engine Tour 9 Rd Swiss 5m+1s Starts at 2200hrs ST"]
[Site "Infinity Chess"]
[Date "2018.4.12"]
[Round "5"]
[White "Vimtiroba"]
[Black "BlitzMaster"]
[Result "1/2-1/2"]
[ECO "C55"]
[WhiteElo "2528"]
[BlackElo "2539"]
[WhiteEngine "SF9 ''A5''_CTG"]
[BlackEngine "asmFishW_2018-04-11_popcnt"]
[EventType "Swiss"]
[WhiteTeam ""]
[BlackTeam ""]
[PlyCount "115"]
[TimeControl "300+1"]

1. e4 e5 2. Nf3 Nc6 3. Bc4 Nf6 4. d3 Bc5 5. O-O d6 6. c3 a5 7. Re1 Ba7 
8. Nbd2 O-O 9. h3 h6 10. a4 Be6 11. b3 d5 12. exd5 Nxd5 13. Ne4 Re8 14. Bd2 Nf6 
15. Qe2 Qe7 16. Bb5 Bxb3 17. c4 Nxe4 18. Qxe4 Rad8 19. Bxc6 bxc6 20. Qxe5 Qxe5 
21. Nxe5 Bb6 22. Ra3 Bc2 23. Nxc6 Rxe1+ 24. Bxe1 Rxd3 25. Rxd3 Bxd3 
26. Bxa5 Bxa5 27. Nxa5 Bc2 28. f3 Bxa4 29. Kf2 h5 30. Ke3 Kf8 31. Nb7 Be8 
32. h4 Ke7 33. Nc5 Kd6 34. Kd4 f6 35. Nd3 Bf7 36. Nc5 Kc6 37. g3 Kd6 
38. Ne4+ Kc6 39. Nc5 Kd6 40. Nd3 Be6 41. c5+ Kc6 42. Nf4 Bf7 43. Nd3 Bg6 
44. Nb4+ Kd7 45. Nd5 Bf7 46. Ne3 Kc6 47. f4 g6 48. f5 gxf5 49. Nxf5 Ba2 
50. Ne7+ Kb5 51. Nd5 Bxd5 52. Kxd5 c6+ 53. Kd6 f5 54. Ke6 Kxc5 55. Kxf5 Kd6 
56. g4 hxg4 57. Kf4 g3 58. Kxg3 1/2-1/2